 Dungeon Crawl Stone Soup version 0.29-a0-901-g46a8461d6a (webtiles) character file.

Game seed: 8176969149337320498

1890 jt the Magician (level 8, -1/53 (55) HPs)
             Began as a Palentonga Hedge Wizard on July 23, 2022.
             Was a Priest of Elyvilon.
             Slain by an ogre
             ... wielding a +0 giant club
              (24 damage)
             ... on level 6 of the Dungeon.
             The game lasted 00:15:33 (7085 turns).

jt the Magician (Palentonga Hedge Wizard)           Turns: 7085, Time: 00:15:33

HP:   -1/53 (55)    AC: 14    Str: 13    XL:     8   Next: 92%
MP:   1/17          EV: 10    Int: 17    God:    Elyvilon [***...]
Gold: 201           SH:  0    Dex: 16    Spells: 10/19 levels left

rFire   + . .      SeeInvis +   a - +5 rapier "Roafom" {venom, rF+}
rCold   . . .      Faith    .   (no shield)
rNeg    . . .      Spirit   .   b - +0 robe
rPois   .          Reflect  .   y - +1 helmet
rElec   .          Harm     .   (no cloak)
rCorr   +          Rampage  .   f - +0 pair of gloves
Will    .....                   (no barding)
Stlth   ++........              (no amulet)
HPRegen 0.17/turn               k - +6 ring of dexterity
MPRegen 0.15/turn               C - ring of resist corrosion

@: very slightly contaminated, lightly drained, curled up
A: large, rugged brown scales 3, see invisible, deformed body, roll 1, armoured
tail, reflexive curl, talons 1, mutation resistance 1
a: Rolling Charge, Renounce Religion, Purification, Heal Other, Heal Self


You were on level 6 of the Dungeon.
You worshipped Elyvilon.
Elyvilon was most pleased with you.
You visited 2 branches of the dungeon, and saw 7 of its levels.

You collected 201 gold pieces.

Inventory:

Hand Weapons
 a - the +5 rapier "Roafom" (weapon) {venom, rF+}
   (You found it on level 2 of the Dungeon)

   It poisons the flesh of those it strikes.
   rF:        It protects you from fire.
 e - a +0 sling
 s - a +2 war axe
 E - a +5 mace
 F - a +4 trident
Missiles
 g - 57 stones
 i - 11 javelins
 v - a poisoned dart
 w - 2 boomerangs
Armour
 b - a +0 robe (worn)
 c - a +0 hat
 f - a +0 pair of gloves (worn)
 j - a +0 kite shield
 q - a +0 chain mail
 y - a +1 helmet (worn)
Magical Staves
 B - a staff of cold
Jewellery
 k - a +6 ring of dexterity (left hand)
 A - a ring of fire
 C - a ring of resist corrosion (right hand)
Wands
 n - a wand of polymorph (7)
Scrolls
 h - a scroll of blinking
 m - 2 scrolls of teleportation
 p - 2 scrolls of fog
 t - 2 scrolls of enchant armour
 x - 2 scrolls of enchant weapon
 D - a scroll of identify
Potions
 d - 6 potions of magic
 l - 2 potions of might
 o - a potion of haste
 r - 2 potions of attraction
 z - a potion of ambrosia


   Skills:
 - Level 4.0 Short Blades
 - Level 1.5 Dodging
 - Level 1.2 Stealth
 + Level 6.2 Spellcasting
 + Level 5.5 Conjurations
 - Level 1.8 Summonings
 - Level 2.3 Translocations
 - Level 3.0 Air Magic
 - Level 3.0 Poison Magic
 + Level 1.7 Invocations


You had 10 spell levels left.
You knew the following spells:

 Your Spells              Type           Power      Damage    Failure   Level
a - Magic Dart            Conj           96%        1d7       1%          1
b - Blink                 Tloc           26%        N/A       8%          2
c - Call Imp              Summ           11%        N/A       9%          2
d - Slow                  Hex            20%        N/A       13%         1
e - Mephitic Cloud        Conj/Pois/Air  18%        N/A       8%          3

Your spell library contained the following spells:

 Spells                   Type           Power      Damage    Failure   Level
 Conjure Flame            Conj/Fire      14%        6-21      12%         3
 Stone Arrow              Conj/Erth      28%        3d8       12%         3
 Sandblast                Erth           10%        2d5       13%         1
 Passwall                 Tmut/Erth      4%         N/A       19%         2
 Iskenderun's Battlesphe  Conj           24%        2d8       36%         5
 Fireball                 Conj/Fire      7%         3d5       75%         5
 Conjure Ball Lightning   Conj/Air       9%         3x3d6     98%         6
 Orb of Destruction       Conj           12%        9d7       100%        7


Dungeon Overview and Level Annotations

Branches:
Dungeon (6/15)             Temple (1/1) D:5

Altars:
Ashenzari
Cheibriados
Elyvilon
Fedhas
Gozag
Hepliaklqana
Makhleb
Nemelex Xobeh
Okawaru
Qazlal
Ru
Sif Muna
Trog
Uskayaw
Yredelemnul
Zin

Shops:
D:4 (

Annotations:
D:4 2 transporters, Tenar's ghost, amateur DsEE
D:5 1 runed translucent door


Innate Abilities, Weirdness & Mutations

You are completely covered in rugged brown scales. (AC +3, +7% HP)
You have supernaturally acute eyesight. (SInv)
Armour fits poorly on your strangely shaped body.
You can roll at nearby foes to attack.
You have a long armoured tail.
You curl defensively after being hit. (AC +7*)
You have sharp toenails.
You are somewhat resistant to further mutation.


Message History

Throw: 4 darts (poison)
Press: ? - help, Shift-Dir - straight line, f/p - ogre
Aim: an ogre, wielding a +0 giant club (severely wounded, poisoned, 74% to hit)
You throw a poisoned dart. The poisoned dart hits the orc.
The orc looks even sicker.
Unknown command.
Okay, then.
Unknown command.
Okay, then.
Press: ? - help, v - describe, . - travel
Here: an orc, wielding a +0 club and wearing a +0 leather armour (lightly wounded, very poisoned)
The floor.
Press: ? - help, v - describe, . - travel
Here: an ogre, wielding a +0 giant club (almost dead, poisoned)
The floor.
Throw: 3 darts (poison)
Press: ? - help, Shift-Dir - straight line, p - ogre You throw a poisoned dart.
The poisoned dart closely misses the orc.
The poisoned dart hits the centaur.
You puncture the orc!
You kill the orc!
You feel stable enough to blink again.
The centaur shoots an arrow.
The arrow barely misses you.
Roll where?
Press: ? - help, Dir - move target, f - ogre
Aim: an ogre, wielding a +0 giant club (almost dead, poisoned)
Okay, then.
Throw: 2 darts (poison)
Press: ? - help, Shift-Dir - straight line, f - ogre
Aim: an ogre, wielding a +0 giant club (almost dead, poisoned, 74% to hit)
You throw a poisoned dart. The poisoned dart hits the ogre.
The ogre looks even sicker.
The ogre is almost dead.
You are too injured to fight recklessly!
You barely miss the ogre.
You tail-slap the ogre, but do no damage.
The ogre is almost dead.
The ogre hits you with a +0 giant club!!
You die...

.# #.# ###.########
[###.#######..........#
......................#
.###..#####.##.#####..###
.####.# #.##..........#
......#####.##..........#
########....##.#####..#.#
#.##.##.#####..#.####
#######.#######@Oco....[..#
##...##...##...####((.#.##.#
#<.⌠.['.⌠...)⌠.<#.....#.#
##...##...##...####...# .
#######.####### #...# ..
#...##.## ..... #. #.###...#
....o.. #<# #.⌠.# ##..#)###
#.# #...# ......


You could see an ogre (very poisoned), a centaur and an orc.

Vanquished Creatures
  Prince Ribbit (D:6)
  Grinder (D:3)
  A steam dragon (D:4)
  2 water moccasins (D:5)
  3 ogres
  A phantom (D:5)
  A necrophage (D:6)
  A scorpion (D:5)
  3 wights
  A hound (D:3)
  2 orc priests (D:6)
  2 iguanas
  Terence (D:2)
  7 orc wizards
  Robin (D:2)
  7 adders
  7 gnolls (D:5)
  3 dart slugs
  11 orcs
  3 bats
  12 endoplasms
  2 giant cockroaches (D:2)
  11 goblins
  8 hobgoblins
  7 jackals
  2 kobolds
  A quokka (D:4)
  7 ball pythons
  4 frilled lizards
  3 rats
116 creatures vanquished.

Vanquished Creatures (others)
  5 plants (D:6)
5 creatures vanquished.

Grand Total: 121 creatures vanquished

Notes
Turn   | Place    | Note
-------+----------+-------------------------------------------
     0 | D:1      | jt the Palentonga Hedge Wizard began the quest for the Orb.
     0 | D:1      | Reached XP level 1. HP: 13/13 MP: 4/4
    29 | D:1      | Reached skill level 1 in Conjurations
    32 | D:1      | Reached skill level 1 in Summonings
   141 | D:1      | Reached XP level 2. HP: 20/20 MP: 1/6
   947 | D:1      | Reached XP level 3. HP: 25/25 MP: 3/7
   988 | D:1      | Learned a level 2 spell: Blink
   991 | D:1      | Learned a level 2 spell: Call Imp
   993 | D:1      | Learned a level 1 spell: Slow
  1777 | D:2      | Noticed Robin
  1956 | D:2      | Found a faded altar of an unknown god.
  1973 | D:2      | Prayed at the altar of an unknown god.
  1973 | D:2      | Became a worshipper of Elyvilon the Healer
  1973 | D:2      | Reached * piety under Elyvilon
  2027 | D:2      | Identified the +5 rapier "Roafom" {venom, rF+}
  2128 | D:2      | Noticed Terence
  2135 | D:2      | Killed Terence
  2136 | D:2      | Reached XP level 4. HP: 32/32 MP: 6/9
  2371 | D:2      | Killed Robin
  2532 | D:3      | Reached ** piety under Elyvilon
  2534 | D:3      | Noticed an ogre
  2561 | D:2      | Learned a level 3 spell: Mephitic Cloud
  2648 | D:3      | Reached skill level 1 in Short Blades
  2648 | D:3      | Reached XP level 5. HP: 37/37 MP: 5/10
  2748 | D:3      | Noticed a +0 dagger
  2748 | D:3      | Noticed a +0 dagger
  2749 | D:3      | Noticed a +0 short sword
  2750 | D:3      | Noticed a +0 spear
  2750 | D:3      | Noticed a +0 short sword
  2751 | D:3      | Noticed a +0 falchion
  2752 | D:3      | Noticed a +0 falchion
  2752 | D:3      | Noticed a +0 spear
  2754 | D:3      | Found a hide-covered altar of Uskayaw.
  2883 | D:3      | Noticed Grinder
  2885 | D:3      | Paralysed by Grinder for 4 turns
  2903 | D:3      | Killed Grinder
  2904 | D:3      | Reached skill level 4 in Spellcasting
  2904 | D:3      | Reached skill level 1 in Air Magic
  2904 | D:3      | Reached skill level 1 in Poison Magic
  2904 | D:3      | Reached XP level 6. HP: 27/43 MP: 10/12
  3289 | D:3      | Reached *** piety under Elyvilon
  3415 | D:4      | Found Focaeb's Antique Weapon Emporium.
  3614 | D:4      | Noticed Tenar's ghost (amateur DsEE)
  3615 | D:4      | Found a transporter.
  3615 | D:4      | Found a transporter.
  3676 | D:4      | Noticed a steam dragon
  3682 | D:4      | Killed a steam dragon
  3683 | D:4      | Gained mutation: You curl defensively after being hit. (AC
                  | +7*) [Palentonga growth]
  3683 | D:4      | Reached XP level 7. HP: 37/49 MP: 10/13
  3919 | D:5      | Entered Level 5 of the Dungeon
  4194 | D:5      | Found a staircase to the Ecumenical Temple.
  4324 | D:5      | Found a runed translucent door.
  4339 | Temple   | Entered the Ecumenical Temple
  4428 | D:5      | Reached **** piety under Elyvilon
  4483 | D:5      | Reached skill level 5 in Spellcasting
  5264 | D:5      | Reached XP level 8. HP: 55/55 MP: 15/15
  5472 | D:6      | Noticed Prince Ribbit
  5849 | D:6      | Reached skill level 5 in Conjurations
  5955 | D:6      | Gained mutation: You have sharp toenails. [potion of
                  | mutation]
  5955 | D:6      | Gained mutation: You are somewhat resistant to further
                  | mutation. [potion of mutation]
  5955 | D:6      | Killed Prince Ribbit
  5959 | D:6      | HP: 1/50 [wight/+2 war axe (6)]
  6681 | D:6      | Reached skill level 6 in Spellcasting
  6799 | D:6      | Reached skill level 1 in Invocations
  7085 | D:6      | Slain by an ogre

Illustrated notes

Levels and vault maps discovered:
D:1:      scummos_arrival_simple_crosswalls, layout_basic
D:2:      layout_basic, shapermc_ecumenical_altar_venn, hangedman_decor_push,
          uniq_terence, uniq_robin
D:3:      layout_basic, nicolae_uskayaw_en_pointe, chequers_mini_garden,
          uniq_grinder
D:4:      layout_rooms, gammafunk_ghost_smash, serial_shops,
          nicolae_stop_n_shop_1, serial_bayou_pond_d
D:5:      layout_basic, minmay_temple_entry_mini_moons, lightli_church_of_beogh
D:6:      layout_loops_ring, serial_bayou_pond_b, grunt_ministairs_5,
          uniq_pikel, uniq_prince_ribbit1
Temple:   hellmonk_temple_two_chambers

Skill      XL: |  1  2  3  4  5  6  7  8 |
---------------+-------------------------+-----
Conjurations   | 1 2 3 4 5 |  5.5
Summonings     | 1 |  1.8
Translocations | 2 |  2.3
Short Blades   | 1 2 4 |  4.0
Spellcasting   | 4 5 6 |  6.2
Air Magic      | 1 2 3 |  3.0
Poison Magic   | 1 2 3 |  3.0
Invocations    | 1 |  1.7
Dodging        | |  1.5
Stealth        | |  1.2

Action                   |  1- 3 |  4- 6 |  7- 9 || total
-------------------------+-------+-------+-------++-------
Melee: Dagger            |    71 |       |       ||    71
       Tailslap          |    15 |     8 |    19 ||    42
       Short sword       |    49 |       |       ||    49
       Rapier            |     5 |    38 |   127 ||   170
       Unarmed           |       |     6 |       ||     6
       Punch             |       |     1 |     2 ||     3
       Kick              |       |       |     7 ||     7
Throw: Dart              |       |       |     4 ||     4
 Cast: Magic Dart        |    56 |    44 |    46 ||   146
       Blink             |       |     1 |     8 ||     9
       Mephitic Cloud    |       |       |     1 ||     1
Invok: Heal Self         |       |       |     5 ||     5
 Abil: Rolling Charge    |     5 |     7 |    17 ||    29
  Use: Potion            |     1 |     3 |     2 ||     6
       Scroll            |       |     8 |     2 ||    10
 Stab: Sleeping          |       |       |     1 ||     1
Armor: Robe              |    43 |    17 |    29 ||    89
       Skin              |       |     1 |       ||     1
Dodge: Dodged            |    50 |    23 |    69 ||   142

Table legend: (Time is in decaauts)
 A = Elapsed time spent in this place.
 B = Non-inter-level travel time spent in this place.
 C = Inter-level travel time spent in this place.
 D = Time resting spent in this place.
 E = Time spent auto-exploring this place.
 F = Levels seen in this place.
 G = Mean time per level.
                   A        B        C        D        E       F      G
               +--------+--------+--------+--------+--------+-----+--------+
         Total |   7111 |   6871 |    240 |   2567 |   2877 |   7 | 1015.9 |
       Dungeon |   6827 |   6587 |    240 |   2309 |   2871 |   6 | 1137.8 |
        Temple |    284 |    284 |      0 |    258 |      6 |   1 |  284.0 |
               +--------+--------+--------+--------+--------+-----+--------+

Top non-repeatable levels by time:
     D:5: 2180 daAuts
     D:1: 1493 daAuts
     D:2: 1047 daAuts
     D:3: 893 daAuts
     D:6: 707 daAuts
     D:4: 505 daAuts
  Temple: 284 daAuts
